 Dungeon Crawl Stone Soup version 0.25-a0-294-gea9b1ad (webtiles) character file.

Game seed: 8029410332623102810, levelgen mode: deterministic

2303 EonDragon20 the Transmogrifier (level 9, -2/70 HPs)
             Began as a Merfolk Transmuter on Dec 17, 2019.
             Was a Follower of Sif Muna.
             Slain by a hornet (3 damage)
             ... while paralysed by a hornet
             ... on level 8 of the Dungeon.
             The game lasted 00:24:31 (8956 turns).

EonDragon20 the Transmogrifier (Merfolk Transmuter) Turns: 8956, Time: 00:24:31

Health: -2/70      AC:  6    Str: 10    XL:     9   Next: 40%
Magic:  20/26      EV:  1    Int: 18    God:    Sif Muna [*.....]
Gold:   428        SH:  0    Dex: 15    Spells: 4/19 levels left

rFire    . . .     SeeInvis .     - Unarmed
rCold    + + +     Gourm    .   (shield currently unavailable)
rNeg     . . .     Faith    .   (armour currently unavailable)
rPois    +         Spirit   .   (helmet currently unavailable)
rElec    .         Reflect  .   (cloak currently unavailable)
rCorr    .         Harm     .   (gloves currently unavailable)
MR       .....                  (boots currently unavailable)
Stlth    +.........             (no amulet)
HPRegen  0.21/turn              x - ring of the Aged Emperors {rF+ MP+9 Int+3}
MPRegen  0.20/turn              (no ring)

@: paralysed, lethally poisoned (-2 -> -11), ice-form, slowed, studying Shields
A: large, (change form in water), (swift swim), (stealthy swim)
a: End Transformation, Channel Magic, Renounce Religion


You were on level 8 of the Dungeon.
You worshipped Sif Muna.
Sif Muna was aware of your devotion.
You were not hungry.
You were a creature of crystalline ice.
You visited 2 branches of the dungeon, and saw 9 of its levels.
You also visited: Sewer.

You collected 428 gold pieces.

Inventory:

Missiles
 a - 94 arrows
Armour
 b - a +0 robe (melded)
 m - a +1 pair of gloves (melded)
 n - a +0 helmet (melded)
Jewellery
 u - an uncursed amulet of regeneration {unknown}
 x - the ring of the Aged Emperors (left front paw) {rF+ MP+9 Int+3}
   (You found it on level 7 of the Dungeon)

   [ring of magical power]

   It affects your intelligence (+3).
   It protects you from fire.
   It affects your magic capacity (+9).
 z - a cursed ring of teleportation {unknown}
Wands
 p - a wand of flame (15)
 t - a wand of random effects (20)
Scrolls
 e - a scroll of enchant weapon
 g - 2 scrolls of remove curse
 h - 5 scrolls of teleportation
 s - 2 scrolls of amnesia
 y - a scroll of enchant armour
Potions
 c - 2 potions of flight
 f - 6 potions of might
 i - 2 potions of berserk rage {unknown}
 j - 5 potions of curing {unknown}
 k - 12 potions of heal wounds
 l - a potion of agility
 o - a potion of ambrosia {unknown}
 q - a potion of haste {unknown}
 r - a potion of mutation {unknown}
Books
 w - a manual of Shields
Comestibles
 d - 8 rations


   Skills:
 - Level 1.1 Fighting
 - Level 2.6 Dodging
 + Level 7.5 Unarmed Combat
 + Level 5.9 Spellcasting
 * Level 11.4 Transmutations


You had 4 spell levels left.
You knew the following spells:

 Your Spells              Type           Power        Failure   Level  Hunger
a - Beastly Appendage     Tmut           #####.       1%          1    None
b - Sticks to Snakes      Tmut           #####...     1%          2    None
c - Spider Form           Tmut/Pois      ####......   3%          3    ##.....
d - Ice Form              Ice/Tmut       ####....     12%         4    ####...
e - Blade Hands           Tmut           #####.....   3%          5    #####..

Your spell library contained the following spells:

 Spells                   Type           Power        Failure   Level  Hunger


Dungeon Overview and Level Annotations

Branches:
Dungeon (8/15)             Temple (1/1) D:4           Sewer (visited)
   Lair: D:8-11

Altars:
Ashenzari
Cheibriados
Dithmenos
Elyvilon
Fedhas
Gozag
Hepliaklqana
Kikubaaqudgha
Makhleb
Nemelex Xobeh
Okawaru
Qazlal
Ru
Sif Muna
Trog
Uskayaw
Vehumet
Wu Jian
Xom
Yredelemnul
Zin
The Shining One


Message History

You are more poisoned.
You feel as though you will be slow longer.
The orc priest looks satisfied for a moment.
An orc comes into view.
The hornet stings you. x2
You feel as though you will be slow longer.
The orc moves out of view.
Okay, then.
Casting: Ice Form (safe; 12% risk of failure)
Confirm with . or Enter, or press ? or * to list all spells.
You create a snake!
You now have 94 arrows.
You feel sick. The hornet stings you!!
* * * LOW HITPOINT WARNING * * *
The orc priest casts a cantrip, but nothing happens.
The hornet stings you.
* * * LOW HITPOINT WARNING * * *
You suddenly lose the ability to move!
* * * LOW HITPOINT WARNING * * *
You feel sick. The hornet stings you.
You die... #. #. .. #. #. #..###. #......#####y#.## #.# ##yhFoooo..#

#.###Y###o.#....
#.#.## #.... .
#S## ...... #†#
#.#.# #.# ## #
####.## #.....#
#.##......#
#.###.##..#


You could see a hornet, an orc warrior, a bullfrog, a hound, a killer bee, an
orc priest, 2 orcs and a friendly adder.

Vanquished Creatures
  2 hippogriffs (D:7)
  Eustachio (D:5)
  An ice beast (D:6)
  A black bear (D:6)
  A phantom (D:7)
  2 ogres
  A centaur (D:5)
  2 big kobolds (Sewer)
  2 bullfrogs (D:7)
  A scorpion (D:4)
  4 crimson imps
  2 orc priests
  3 bullfrog skeletons
  2 bullfrog zombies (D:6)
  3 hounds
  An iguana (D:7)
  2 orc wizards
  4 worker ants
  A hound skeleton (D:4)
  A worker ant zombie (D:5)
  Robin (D:3)
  A howler monkey skeleton (D:5)
  9 adders
  5 river rats (Sewer)
  2 shadow imps (D:6)
  An ooze (D:3)
  An adder zombie (D:5)
  2 dart slugs (D:1)
  14 leopard geckos
  7 orcs
  4 giant cockroaches
  28 goblins
  9 hobgoblins
  6 jackals (D:1)
  5 quokkas
  5 ball pythons (Sewer)
  13 bats
  9 frilled lizards
  A jackal skeleton (D:4)
  24 kobolds
  A quokka zombie (D:6)
  33 rats
218 creatures vanquished.

Vanquished Creatures (collateral kills)
  A gnoll (D:1)
1 creature vanquished.

Grand Total: 219 creatures vanquished

Notes
Turn   | Place    | Note
-------+----------+-------------------------------------------
     0 | D:1      | EonDragon20 the Merfolk Transmuter began the quest for the
                  | Orb.
     0 | D:1      | Reached XP level 1. HP: 15/15 MP: 3/3
    85 | D:1      | Reached skill level 3 in Transmutations
   192 | D:1      | Reached XP level 2. HP: 19/21 MP: 3/5
   265 | D:1      | Learned a level 2 spell: Sticks to Snakes
   462 | D:1      | Reached XP level 3. HP: 23/26 MP: 4/6
   469 | D:1      | Learned a level 3 spell: Spider Form
   731 | D:1      | Reached skill level 4 in Transmutations
  1272 | D:2      | Reached XP level 4. HP: 32/32 MP: 3/7
  1937 | D:2      | Reached skill level 5 in Transmutations
  2129 | D:3      | Reached XP level 5. HP: 28/37 MP: 2/9
  2194 | D:3      | Found a glowing drain.
  2361 | Sewer    | Entered a sewer
  2942 | Sewer    | Learned a level 4 spell: Ice Form
  3033 | Sewer    | Reached XP level 6. HP: 36/43 MP: 5/10
  3114 | Sewer    | Reached skill level 6 in Transmutations
  3756 | D:3      | Reached skill level 5 in Unarmed Combat
  3786 | D:3      | Reached skill level 7 in Transmutations
  3786 | D:3      | Reached XP level 7. HP: 30/48 MP: 7/12
  4102 | D:3      | Noticed Robin
  4116 | D:3      | Killed Robin
  5073 | D:4      | Found a white marble altar of Elyvilon.
  5168 | D:4      | Found a radiant altar of Vehumet.
  5533 | D:4      | Found a staircase to the Ecumenical Temple.
  5539 | Temple   | Entered the Ecumenical Temple
  5692 | Temple   | Became a worshipper of Sif Muna the Loreminder
  5835 | D:5      | Entered Level 5 of the Dungeon
  5904 | D:5      | Reached skill level 8 in Transmutations
  6111 | D:5      | Noticed Eustachio
  6206 | D:5      | Found a hazy altar of Hepliaklqana.
  6225 | D:5      | Reached XP level 8. HP: 54/54 MP: 10/14
  6468 | D:5      | Found a shadowy altar of Dithmenos.
  6468 | D:5      | Found a glowing silver altar of Zin.
  6580 | D:5      | Killed Eustachio
  6591 | D:5      | Reached skill level 9 in Transmutations
  7105 | D:5      | Learned a level 5 spell: Blade Hands
  7445 | D:6      | Reached * piety under Sif Muna
  7476 | D:6      | Reached skill level 5 in Spellcasting
  7520 | D:6      | Found a bloodstained altar of Trog.
  7526 | D:6      | Reached skill level 10 in Transmutations
  7871 | D:7      | Got a twitching granite ring
  7900 | D:7      | Identified the ring of the Aged Emperors {rF+ MP+9 Int+3}
                  | (You found it on level 7 of the Dungeon)
  7922 | D:7      | Noticed a hippogriff
  7929 | D:7      | Killed a hippogriff
  7929 | D:7      | Reached XP level 9. HP: 44/59 MP: 15/17
  8196 | D:7      | Reached skill level 11 in Transmutations
  8941 | D:8      | Noticed a hornet
  8955 | D:8      | HP: 2/70 [hornet (6)]
  8955 | D:8      | Paralysed by a hornet for 2 turns
  8956 | D:8      | Slain by a hornet

Levels and vault maps discovered:
D:1:      lemuel_arrival_funnel, layout_basic
D:2:      layout_basic, minmay_misc_feat_plants, minmay_bisected
D:3:      layout_loops_ring, gup_sewer_entry_pipe, glass_columns_a, uniq_robin
D:4:      layout_basic, elyvilon_altar_5, old_standard_altar,
          minmay_temple_entry_enclosed_plants
D:5:      layout_loops_corners, lemuel_crystal_altar,
          amethyst_overflow_temple_binary, first_ration, bh_walls_and_bars,
          uniq_eustachio
D:6:      layout_cave_pools, marbit_many_paths, minmay_ogre_servants
D:7:      layout_gridville, minmay_manual_maat
D:8:      layout_loops_ring, david_nohive_1, serial_bayou_pond_a,
          minmay_pinched_square
Temple:   eino_temple_rhombus

Skill      XL: |  1  2  3  4  5  6  7  8  9 |
---------------+----------------------------+-----
Transmutations | 3 4 5 7 8 10 11 | 11.4
Unarmed Combat | 4 5 7 |  7.5
Spellcasting   | 3 4 5 |  5.9
Fighting       | |  1.1
Dodging        | |  2.6

Action                   |  1- 3 |  4- 6 |  7- 9 || total
-------------------------+-------+-------+-------++-------
Melee: Unarmed           |    88 |   239 |   243 ||   570
       Headbutt          |    11 |     2 |       ||    13
       Tailslap          |       |     1 |       ||     1
       Punch             |       |       |     2 ||     2
 Cast: Beastly Appendage |    13 |     6 |       ||    19
       Sticks to Snakes  |     3 |       |     1 ||     4
       Spider Form       |     4 |    28 |    19 ||    51
       Ice Form          |       |       |    13 ||    13
       Blade Hands       |       |       |     8 ||     8
 Abil: End Transformatio |       |       |     1 ||     1
  Use: Scroll            |       |     6 |     4 ||    10
       Potion            |       |       |     2 ||     2
 Stab: Sleeping          |     1 |     1 |     1 ||     3
  Eat: Chunk             |     2 |    11 |    14 ||    27
       Ration            |       |       |     3 ||     3
Armor: Robe              |    18 |    19 |    14 ||    51
       Skin              |     3 |    15 |    15 ||    33
Dodge: Dodged            |    90 |   285 |   222 ||   597

Table legend:
 A = Non-vault XP
 B = Vault XP
 C = Vault XP percentage of total XP
 D = Non-vault monster count
 E = Vault monster count
 F = Vault count percentage of total count
                 A         B        C        D         E       F
            +---------+---------+-------+---------+---------+-------
      Total |    2067 |    1224 |  37.2 |     132 |      87 |  39.7
            +---------+---------+-------+---------+---------+-------
        D:1 |      55 |       0 |   0.0 |      29 |       0 |   0.0
        D:2 |      83 |      18 |  17.8 |      31 |       5 |  13.9
        D:3 |     174 |      57 |  24.7 |      24 |      19 |  44.2
        D:4 |     179 |       0 |   0.0 |       7 |       0 |   0.0
        D:5 |     439 |     182 |  29.3 |      12 |       1 |   7.7
        D:6 |     391 |     257 |  39.7 |      16 |      10 |  38.5
        D:7 |     712 |     381 |  34.9 |      12 |       4 |  25.0
        D:8 |      34 |       0 |   0.0 |       1 |       0 |   0.0
      Sewer |       0 |     329 | 100.0 |       0 |      48 | 100.0
            +---------+---------+-------+---------+---------+-------
